Map: Dusk Towers

Players

KooneyPlayer

  • Race: Zerg Zerg
  • League: Silver

LilDicky - Winner!

  • Race: Terran Terran
  • League: Diamond

VOD

http://www.twitch.tv/tumescentpie

Description

Time

  • Played on: Dec. 17, 2015, 6:55 p.m.
  • Length: 42:49
Show
View Real Time Build Order
Export as new Build Order

KooneyPlayer Zerg 

Build Orders: Hatch First 

Get SALT Encoding   

  12  0:02  Drone  
  13  0:13  Overlord  
  13  0:19  Drone  
  14  0:46  Hatchery  
  14  0:47  Drone  
  14  0:54  Drone x2  
  16  1:11  Spawning Pool  
  16  1:15  Drone, Extractor  
  15  1:20  Drone  
  15  1:23  Drone  
  17  1:31  Drone  
  18  1:43  Drone  
  19  1:57  Queen  
  19  1:58  Queen  
  19  2:00  Zergling x4  
  25  2:10  Drone x2  
  25  2:14  Drone  
  28  2:24  Overlord  
  28  2:42  Overlord  
  28  2:46  Lair  
  28  2:50  Drone  
  28  2:51  Drone x3  
  32  2:54  Metabolic Boost  
  32  3:15  Hatchery  
  32  3:19  Drone  
  32  3:20  Drone x3  
  32  3:23  Drone x2  
  32  3:24  Extractor  
  32  3:27  Drone  
  37  3:52  Zergling x8  
  37  3:53  Hydralisk Den, Zergling x6  
  42  4:16  Overlord x4  
  42  4:23  Lurker Den  
  41  4:40  Evolution Chamber  
  36  4:55  Drone x2  
  36  4:56  Drone x2  
  36  4:57  Drone  
  36  4:59  Queen  
  43  5:00  Drone x2  
  43  5:01  Drone x3  
  48  5:07  Hydralisk  
  48  5:08  Hydralisk x4  
  48  5:13  Zerg Missile Weapons Level 1  
  58  5:18  Drone x2  
  60  5:23  Drone, Extractor  
  60  5:29  Drone x3  
  60  5:32  Drone  
  60  5:33  Extractor  
  60  5:35  Drone x3  
  66  5:39  Drone x3  
  69  5:46  Infestation Pit  
  68  5:50  Evolution Chamber  
  67  6:03  Overseer  
  67  6:10  Drone x3  
  67  6:11  Drone x2  
  68  6:31  Hydralisk x3  
  68  6:32  Hydralisk x3  
  72  6:34  Overlord x3  
  72  6:38  Queen  
  73  6:43  Zerg Ground Armor Level 1  
  73  6:49  Spore Crawler  
  66  7:16  Zerg Missile Weapons Level 2  
  66  7:19  Lurker  
  66  7:20  Lurker  
  66  7:21  Lurker, Hydralisk  
  66  7:22  Hydralisk  
  73  7:33  Drone x2  
  73  7:34  Drone  
  76  7:39  Zergling x2  
  76  7:40  Zergling x4  
  79  7:47  Muscular Augments  
  79  7:53  Overlord x2  
  79  7:55  Hydralisk x4  
  79  7:56  Hydralisk  
  86  8:24  Hydralisk  
  86  8:25  Hydralisk x5  
  98  8:30  Queen  
  100  8:36  Hatchery  
  100  8:38  Extractor  
  100  8:39  Drone x3, Extractor  
  100  8:42  Hive  
  100  8:43  Drone x2  
  100  8:44  Drone  
  100  8:45  Drone x2  
  100  8:46  Drone  
  106  9:00  Overlord  
  106  9:01  Overlord x4  
  106  9:12  Pneumatized Carapace  
  106  9:13  Overlord x3  
  106  9:25  Zerg Ground Armor Level 2  
  106  9:36  Zerg Melee Weapons Level 1  
  100  9:49  Hydralisk x3  
  100  9:50  Hydralisk x4  
  114  9:53  Adrenal Glands  
  114  10:17  Hydralisk  
  114  10:18  Hydralisk x6  
  114  10:21  Queen  
  129  10:47  Hydralisk Den  
  126  10:52  Drone x2  
  126  10:53  Drone x5  
  131  11:13  Overseer  
  131  11:14  Overseer  
  131  11:29  Spore Crawler  
  128  11:45  Lurker Den  
  128  12:31  Ultralisk Cavern  
  128  12:32  Zerg Melee Weapons Level 2  
  128  12:33  Zerg Ground Armor Level 3  
  127  12:42  Zergling x10  
  127  12:43  Zergling x12  
  138  12:56  Overlord x3  
  138  12:57  Overlord x4  
  129  13:29  Chitinous Plating  
  129  13:31  Overlord x3  
  129  13:32  Overlord x9  
  129  13:47  Overseer  
  129  14:45  Zergling x2  
  130  14:46  Zergling x22  
  130  14:47  Zergling x24  
  130  14:48  Zergling x6  
  156  15:17  Hatchery  
  155  15:48  Zerg Missile Weapons Level 3  
  155  15:49  Zerg Melee Weapons Level 3  
  137  16:45  Zergling x8  
  137  16:46  Zergling x18  
  148  17:00  Ultralisk  
  148  17:01  Ultralisk x7  
  170  17:38  Overseer x4  
  168  17:45  Ultralisk x5  
  198  18:09  Zergling x2  
  198  18:10  Zergling x2  
  198  18:31  Zergling x2  
  198  18:32  Zergling x2  
  198  18:59  Zergling x4  
  200  19:06  Extractor x2  
  184  20:19  Overseer  
  184  20:22  Overlord x4  
  184  20:23  Overlord x2  
  184  20:24  Zergling x8  
  184  20:25  Zergling x24  
  200  20:37  Overseer x5  
  200  20:38  Overseer x2  
  182  21:32  Viper x4  
  118  23:02  Ultralisk x3  
  118  23:03  Ultralisk x8  
  97  23:20  Hydralisk  
  97  23:42  Extractor  
  97  23:43  Extractor  
  95  23:56  Queen  
  95  23:57  Queen x4  
  103  24:04  Overlord x7  
  103  24:05  Overlord x7  
  103  24:32  Queen x4  
  103  24:33  Queen  
  111  25:07  Queen  
  111  25:08  Queen x3  
  60  25:43  Queen  
  60  25:44  Queen x3  
  56  26:09  Overseer  
  56  26:14  Overseer  
  56  26:19  Queen x4  
  64  26:54  Queen  
  64  26:55  Queen x3  
  72  27:19  Nydus Network  
  71  27:30  Queen  
  71  27:31  Queen x3  
  79  28:06  Queen  
  81  28:30  Queen  
  81  28:31  Queen x2  
  85  28:41  Queen  
  87  28:49  Overseer  
  87  28:50  Overseer  
  87  29:06  Queen  
  87  29:07  Queen x2  
  93  29:17  Queen  
  83  29:42  Queen x3  
  63  29:53  Queen  
  59  30:17  Queen  
  59  30:18  Queen x2  
  65  30:28  Queen  
  67  30:53  Queen  
  67  30:54  Queen x2  
  73  31:04  Queen  
  75  31:13  Overseer  
  75  31:29  Zergling x8, Queen x3  
  75  31:30  Zergling x12  
  75  31:32  Ultralisk x4  
  115  31:34  Zergling x2  
  115  31:35  Zergling x8  
  120  31:40  Queen  
  122  32:04  Queen  
  122  32:05  Queen x2  
  128  32:15  Queen  
  130  32:40  Queen  
  130  32:41  Queen x2  
  109  38:35  Nydus Canal  
  10  41:43  Zergling x4  
Show
View Real Time Build Order
Export as new Build Order

LilDicky Terran - Winner!

Build Orders: Command Center First (CC) 

Get SALT Encoding   

  12  0:06  SCV  
  13  0:18  SCV  
  14  0:23  Supply Depot  
  14  0:30  SCV  
  15  0:44  SCV  
  16  0:59  Command Center  
  16  1:05  SCV  
  17  1:13  Barracks  
  17  1:17  SCV  
  18  1:20  Refinery  
  18  1:26  Refinery  
  18  1:29  SCV  
  19  1:43  SCV  
  20  1:55  SCV  
  20  2:01  Marine  
  22  2:09  Orbital Command  
  22  2:11  Orbital Command  
  22  2:18  Factory  
  22  2:21  Barracks Reactor  
  22  2:36  SCV  
  24  2:37  SCV  
  24  2:39  Supply Depot  
  24  2:48  SCV  
  25  2:52  SCV  
  26  3:00  SCV  
  26  3:04  SCV, Starport  
  28  3:09  Hellion x2  
  32  3:15  Supply Depot, SCV  
  32  3:16  SCV  
  34  3:27  SCV  
  34  3:28  SCV  
  36  3:34  Barracks Tech Lab  
  36  3:36  Hellion x2  
  36  3:39  SCV  
  36  3:40  SCV  
  42  3:54  Starport  
  42  3:59  Barracks Tech Lab  
  42  4:06  Barracks Tech Lab  
  42  4:15  Widow Mine x2  
  46  4:17  Banshee, Cloaking Field  
  46  4:23  Supply Depot  
  49  4:25  SCV x2  
  49  4:27  Refinery  
  49  4:28  Refinery  
  51  4:33  Command Center  
  45  4:50  Widow Mine x2  
  47  4:58  Banshee  
  50  5:00  SCV, Banshee  
  50  5:01  SCV  
  55  5:10  Engineering Bay  
  55  5:12  SCV  
  55  5:13  SCV  
  57  5:14  Supply Depot  
  57  5:21  Supply Depot  
  57  5:24  SCV, Widow Mine x2  
  62  5:36  SCV x2  
  62  5:41  Supply Depot  
  64  5:44  Supply Depot  
  64  5:46  Banshee x2  
  70  5:50  Marine  
  70  5:55  Widow Mine x2  
  73  6:15  Orbital Command  
  73  6:20  Command Center, Supply Depot  
  73  6:21  Supply Depot  
  73  6:37  SCV x2  
  75  6:40  Banshee x2  
  75  6:41  Widow Mine x2  
  75  6:44  Command Center  
  75  6:45  Corvid Reactor  
  75  6:46  Supply Depot  
  85  6:50  Fusion Core  
  79  7:11  SCV x2  
  78  7:18  Factory  
  78  7:19  SCV  
  78  7:21  Widow Mine x2  
  83  7:23  SCV x2  
  83  7:26  Viking  
  83  7:29  Factory, Raven  
  89  7:31  SCV  
  89  7:35  Planetary Fortress, SCV  
  91  7:38  Missile Turret  
  91  7:44  SCV x2  
  93  7:45  Refinery  
  93  7:48  SCV  
  93  7:49  Missile Turret  
  93  7:50  Missile Turret  
  94  7:52  Missile Turret, Behemoth Reactor  
  94  7:55  Missile Turret  
  94  7:56  SCV  
  95  7:59  Hyperflight Rotors  
  95  8:03  Orbital Command  
  95  8:07  Factory Reactor  
  95  8:10  Refinery  
  89  8:20  Missile Turret  
  89  8:23  Missile Turret  
  89  8:25  Supply Depot  
  89  8:29  Hi-Sec Auto Tracking, Missile Turret  
  89  8:32  Factory Tech Lab  
  89  8:33  Banshee x2  
  95  8:34  SCV x2  
  97  8:49  Weapon Refit  
  97  9:08  Widow Mine  
  97  9:09  Widow Mine x4  
  105  9:15  Command Center  
  105  9:16  Viking x2  
  105  9:17  Armory  
  111  9:19  Armory  
  111  9:54  Viking x2, Widow Mine  
  111  9:55  Widow Mine x4  
  113  10:20  Terran Vehicle And Ship Armor Level 1, Terran Ship Weapons Level 1  
  111  10:23  Widow Mine x5  
  111  10:24  Advanced Ballistics  
  119  10:36  Planetary Fortress  
  119  10:37  Factory x2  
  119  10:39  Refinery, Starport  
  119  10:40  Refinery  
  119  10:41  Missile Turret  
  111  10:46  Banshee x2  
  111  10:51  Widow Mine  
  111  10:52  Widow Mine  
  111  11:12  Widow Mine x2  
  111  11:13  Drilling Claws  
  111  11:15  SCV  
  116  11:22  Factory Reactor x2  
  116  11:25  Starport Reactor  
  116  11:27  Building Armor  
  108  11:59  Banshee  
  108  12:00  Banshee  
  110  12:02  Viking  
  110  12:03  Viking  
  110  12:04  Widow Mine x7  
  110  12:05  Widow Mine x2  
  130  12:14  Terran Ship Weapons Level 2  
  130  12:15  Terran Vehicle And Ship Armor Level 2  
  126  12:29  Command Center  
  126  12:32  Widow Mine x2  
  126  12:33  Widow Mine x2  
  126  12:34  Command Center x2  
  134  13:02  Command Center  
  134  13:07  Command Center  
  132  13:19  Command Center  
  132  13:29  Raven x2  
  132  13:30  Viking x2  
  140  13:43  Orbital Command  
  140  13:51  Orbital Command x2  
  140  14:00  Viking  
  142  14:06  Missile Turret  
  142  14:11  Missile Turret  
  142  14:23  Planetary Fortress x2, Missile Turret  
  136  14:30  Command Center, Planetary Fortress  
  136  14:33  Raven  
  136  14:34  Viking x2, Raven  
  136  14:36  Missile Turret  
  136  14:37  Missile Turret, Widow Mine x5  
  136  14:38  Missile Turret, Widow Mine x4  
  156  14:39  Command Center  
  162  14:47  Command Center  
  162  15:02  Missile Turret  
  162  15:05  Supply Depot, Widow Mine  
  162  15:06  Widow Mine x4  
  172  15:07  Missile Turret  
  172  15:09  Supply Depot  
  172  15:10  Terran Infantry Armor Level 1  
  172  15:13  Terran Vehicle And Ship Armor Level 3, Terran Ship Weapons Level 3  
  166  15:23  Command Center  
  166  15:28  Command Center  
  164  15:54  Command Center  
  164  15:58  Command Center  
  164  16:08  Command Center, Battlecruiser x2, Viking  
  164  16:09  Command Center  
  164  16:10  Widow Mine  
  180  16:47  Missile Turret  
  180  16:50  Missile Turret  
  178  17:07  Planetary Fortress  
  178  17:09  Missile Turret  
  178  17:14  Planetary Fortress  
  178  17:15  Missile Turret  
  166  17:45  Battlecruiser x2  
  166  17:46  Viking x2, Widow Mine x3  
  166  17:47  Widow Mine x6  
  166  17:50  Terran Vehicle Weapons Level 1  
  200  17:54  Missile Turret  
  200  17:55  Planetary Fortress  
  200  17:59  Refinery  
  200  18:00  Planetary Fortress  
  200  18:07  Missile Turret x3  
  200  18:10  Planetary Fortress  
  200  18:19  Missile Turret  
  198  18:48  Refinery  
  198  18:49  Refinery, Missile Turret  
  198  18:50  Missile Turret  
  194  18:56  Viking  
  194  18:57  Viking x2  
  190  19:31  Banshee x2  
  189  19:33  Viking x2  
  190  19:53  Missile Turret  
  190  20:03  Missile Turret  
  182  20:13  Command Center, Missile Turret  
  172  20:16  Missile Turret  
  170  20:28  Viking  
  170  20:29  Viking x2, Widow Mine x4  
  170  20:30  Widow Mine x5  
  194  20:36  Refinery  
  194  20:38  Refinery  
  194  20:39  Refinery  
  194  20:58  Widow Mine  
  194  21:00  Orbital Command  
  196  21:14  Liberator x4  
  192  21:57  Liberator x4  
  190  22:01  SCV  
  187  22:13  SCV  
  194  22:26  SCV  
  192  22:38  SCV  
  192  22:40  Liberator x2  
  189  22:50  SCV  
  185  24:10  Battlecruiser x2  
  185  24:11  Hellion  
  196  25:19  SCV  
  187  25:32  SCV  
  179  25:44  SCV  
  180  25:56  SCV  
  181  26:08  SCV  
  182  26:38  Battlecruiser x2  
  182  26:39  Hellion  
  200  26:40  Hellion x2  
  200  26:52  Planetary Fortress  
  200  27:03  Terran Vehicle Weapons Level 2  
  200  27:10  Terran Infantry Armor Level 2  
  200  27:14  Explosive Shrapnel Shells  
  200  27:15  High Capacity Fuel Tanks  
  200  27:18  Infernal Pre-Igniter  
  198  27:48  Battlecruiser  
  192  28:36  Mag-Field Accelerator  
  178  28:46  Battlecruiser  
  182  28:52  Battlecruiser  
  188  29:08  Hellion x6  
  200  29:27  Terran Infantry Weapons Level 1  
  191  29:50  Battlecruiser  
  193  29:57  Battlecruiser  
  197  30:26  Command Center  
  197  31:21  Missile Turret  
  197  31:26  Missile Turret  
  197  31:42  Refinery  
  197  31:43  Refinery  
  197  32:17  Missile Turret x2  
  197  32:20  Missile Turret  
  197  32:27  Missile Turret  
  197  32:29  Missile Turret  
  197  32:30  Planetary Fortress  
  197  32:31  Missile Turret  
  191  33:51  Missile Turret  
  186  36:46  Refinery  
  176  37:42  Terran Infantry Weapons Level 2  
  176  38:41  Widow Mine x6  
  176  38:42  Widow Mine x3  
  194  38:53  Orbital Command  
  194  39:05  Orbital Command  
  194  39:09  Widow Mine  
  188  39:10  Widow Mine x5  
  183  39:38  Widow Mine x3  
  189  39:56  Barracks  
  189  39:57  Barracks x2  
  189  39:58  Terran Infantry Armor Level 3  
  189  40:00  Barracks  
  189  40:01  Barracks  
  189  40:06  Barracks x3  
  189  40:38  Ghost Academy  
  189  40:40  Ghost Academy  
  189  40:42  Ghost Academy x2  
  183  41:21  Barracks Tech Lab x2  
  183  41:22  Barracks Tech Lab  
  183  41:23  Barracks Tech Lab x5  
  183  41:32  Command Center  
  183  41:34  Ghost Academy  
  183  41:36  Ghost Academy  
  183  41:37  Command Center, Ghost Academy  
  183  41:38  Ghost Academy  
  183  41:39  Command Center  
Tags
 
Add a new tag
Caveats
  • Supply blocks, unpowered buildings, or Contaminate may cause inaccurate times.
  • Supply counts are checked every 10 seconds.